Staline vs Sasquatch
Created - February 7, 2018 at 19:42
Goals
|
| Staline |
3 |
0 |
1 |
1 |
5 |
| Sasquatch |
2 |
1 |
1 |
0 |
4 |
|
Shots
|
| Staline |
7 |
6 |
11 |
1 |
25 |
| Sasquatch |
11 |
6 |
14 |
0 |
31 |
|
1st period
1. Staline , Tyler Pitlick 17 (Nick Spaling 18, Lars Eller 36) at 2:18
2. Sasquatch , Nick Bjugstad 18 (Jason Zucker 22, Matt Halischuk 17) at 7:07
3. Staline , Lars Eller 20 (Tyler Pitlick 23) at 10:17 (PP)
4. Sasquatch , Filip Forsberg 34 (Jason Akeson 35, Drew Shore 56) at 15:31 (PP)
5. Staline , Marek Zagrapan 10 (Philip Larsen 11, Allen York) at 19:02
Penalties :
Slava Voynov (Gat) for Roughing (Minor) at 4:56, Matt Taormina (Gat) for Hooking (Minor) at 10:06, Tyler Pitlick (StJ) for Boarding (Minor) at 14:38, David Desharnais (StJ) for Roughing (Minor) at 19:34
2nd period
6. Sasquatch , Jason Zucker 19 (Nick Bjugstad 26, Matt Halischuk 18) at 15:38
Penalties :
Viktor Loov (StJ) for Holding (Minor) at 4:29, Jason Akeson (Gat) for Slashing (Minor) at 12:43, Sergey Kalinin (Gat) for Diving (Minor) at 16:48, Marek Zagrapan (StJ) for Tripping (Minor) at 19:49
3rd period
7. Sasquatch , Nick Bjugstad 19 (Jason Zucker 23, Nick Leddy 40) at 8:36 (PP)
8. Staline , David Desharnais 22 (Dustin Kohn 44, Viktor Loov 9) at 16:12
Penalties :
Viktor Loov (StJ) for High sticking (Minor) at 6:14, Mike Reilly (StJ) for Hooking (Minor) at 8:22, Jason Zucker (Gat) for Interference (Minor) at 11:46, Dustin Kohn (StJ) for Roughing (Minor) at 14:04, Teemu Hartikainen (Gat) for Hooking (Minor) at 18:10
Overtime #1
9. Staline , Nick Spaling 13 (Lars Eller 37, Dustin Kohn 45) at 0:12
Penalties :
No Penalty
Goalie Stats
Allen York (StJ), 27 saves from 31 shots - (0.871), W, 22-9-5, 60:12 minutes
Corey Crawford (Gat), 20 saves from 25 shots - (0.800), OTL, 24-10-3, 60:12 minutes
Players Stats for Staline
Player Name G A P +/- PIM S H SB GA TA FO MP PP MP PK MP
------------------------------------------------------------------------------------
Barclay Goodrow 0 0 0 0 0 0 0 0 0 0 0/0 0:50 0:04 0:00
Bryan Bickell 0 0 0 0 0 1 3 1 0 0 0/0 7:31 0:00 0:56
Corey Trivino 0 0 0 0 0 0 2 0 0 0 1/1 7:13 0:00 1:19
Danny Kristo 0 0 0 -2 0 2 2 0 0 0 0/0 10:37 0:00 0:00
David Desharnais 1 0 1 2 2 4 2 0 1 0 4/5 18:23 4:32 2:18
Dustin Kohn 0 2 2 1 2 4 2 0 2 0 0/0 28:33 6:04 5:59
James Sheppard 0 0 0 -2 0 0 2 1 0 0 0/0 10:37 0:00 0:00
Jeff Skinner 0 0 0 2 0 0 1 1 0 0 0/0 18:32 4:32 2:55
Jordan Caron 0 0 0 1 0 2 4 0 0 0 2/2 14:45 4:28 0:00
Jordan Szwarz 0 0 0 0 0 0 1 0 0 2 0/0 6:42 0:00 0:00
Lars Eller 1 2 3 2 0 2 3 0 1 1 15/24 24:13 5:24 7:11
Marek Zagrapan 1 0 1 -2 2 2 2 0 0 0 1/3 11:05 0:00 0:14
Mike Reilly 0 0 0 0 2 0 0 1 0 0 0/0 10:17 0:00 2:02
Nick Spaling 1 1 2 2 0 6 0 0 1 1 11/21 24:13 5:24 7:11
Philip Larsen 0 1 1 1 0 0 1 1 0 1 0/0 26:29 3:52 4:41
Stu Bickel 0 0 0 2 0 1 2 0 0 0 0/0 29:55 6:04 6:31
Tyler Pitlick 1 1 2 1 2 1 1 0 0 0 1/3 17:25 5:24 0:00
Viktor Loov 0 1 1 1 4 0 1 0 0 0 0/0 22:19 3:52 2:51
Players Stats for Sasquatch
Player Name G A P +/- PIM S H SB GA TA FO MP PP MP PK MP
------------------------------------------------------------------------------------
Brandon Gormley 0 0 0 0 0 0 1 1 0 0 0/0 20:58 4:14 4:17
Brock Trotter 0 0 0 -1 0 1 2 0 0 1 1/1 10:57 0:01 1:39
Drew Shore 0 1 1 -1 0 0 2 0 1 1 9/35 24:49 6:39 5:17
Filip Forsberg 1 0 1 -1 0 2 0 1 0 0 2/3 19:08 6:39 0:00
Ian Cole 0 0 0 2 0 0 1 0 0 0 0/0 22:55 7:21 4:07
Jason Akeson 0 1 1 -1 2 2 0 0 0 1 2/2 19:09 6:39 0:00
Jason Zucker 1 2 3 2 2 3 2 1 1 0 2/5 18:19 4:22 0:00
Lauri Tukonen 0 0 0 -1 0 0 2 0 0 0 1/1 14:40 0:01 5:17
Martin Marincin 0 0 0 -1 0 1 0 1 0 1 0/0 15:23 0:00 5:49
Matt Halischuk 0 2 2 2 0 6 0 1 1 0 0/0 13:25 0:00 2:57
Matt Taormina 0 0 0 -3 2 5 2 1 2 0 0/0 26:32 3:41 5:48
Melker Karlsson 0 0 0 0 0 0 0 0 0 0 0/0 2:07 0:00 0:00
Nick Bjugstad 2 1 3 2 0 4 1 2 0 0 3/5 15:31 4:22 0:21
Nick Leddy 0 1 1 -1 0 3 0 1 0 0 0/0 23:45 6:48 0:11
Sergey Kalinin 0 0 0 -2 2 4 1 0 0 0 3/6 10:15 0:01 2:47
Slava Voynov 0 0 0 -1 2 0 0 0 0 1 0/0 10:51 0:00 0:00
Teemu Hartikainen 0 0 0 -3 2 0 1 0 0 0 0/0 10:47 0:00 1:44
Ty Rattie 0 0 0 -1 0 0 2 0 0 0 1/1 11:05 4:22 0:00
3 Stars
1 - Nick Bjugstad (Gat)
2 - Lars Eller (StJ)
3 - Jason Zucker (Gat)
Power Play
Staline - 1 on 6 Attempt(s) - 16.67%
Sasquatch - 2 on 7 Attempt(s) - 28.57%
Penalty Kill
Staline - 5 on 7 Attempt(s) - 71.43%
- Score 0 goal in Penalty Kill
Sasquatch - 5 on 6 Attempt(s) - 83.33%
- Score 0 goal in Penalty Kill
Team Stat
Staline - Hits : 29 - Faceoff Wins : 35 - Blocked Shots : 5 - Penalty Minutes : 14
Sasquatch - Hits : 17 - Faceoff Wins : 24 - Blocked Shots : 9 - Penalty Minutes : 12
Official
Referees : Marouelli Dan and Fraser Kerry
Linesman : Andy McElman and Pierre Racicot
Game Notes
Melker Karlsson is injured at 14:18 of 1st period (Broken Left Foot Toe)
Finance
Level 1 -- Attendance: 1347 (67.35%) -- Ticket Income $53,880
Level 2 -- Attendance: 690 (69.00%) -- Ticket Income $13,800
Total Attendance: 2037 (67.90%)
Total Ticket Income: $67,680
Other Income: $3,384
Total Income: $71,064
Staline
5 vs 5 Forward
Center Left Wing Right Wing Time % Phy DF OF
1 Lars Eller Nick Spaling Tyler Pitlick 40 1 2 2
2 David Desharnais Jeff Skinner Jordan Caron 30 1 2 2
3 Marek Zagrapan James Sheppard Danny Kristo 20 1 2 2
4 Corey Trivino Bryan Bickell Jordan Szwarz 10 1 2 2
5 vs 5 Defense
Defense Defense Time % Phy DF OF
1 Stu Bickel Dustin Kohn 40 1 2 2
2 Philip Larsen Viktor Loov 30 1 2 2
3 Mike Reilly Stu Bickel 20 1 2 2
4 Dustin Kohn Philip Larsen 10 1 2 2
PowerPlay Forward
Center Left Wing Right Wing Time % Phy DF OF
1 Lars Eller Nick Spaling Tyler Pitlick 60 1 2 2
2 David Desharnais Jeff Skinner Jordan Caron 40 1 2 2
PowerPlay Defense
Defense Defense Time % Phy DF OF
1 Stu Bickel Dustin Kohn 60 1 2 2
2 Philip Larsen Viktor Loov 40 1 2 2
Penalty Kill 4 Players Forward
Center Wing Time % Phy DF OF
1 Nick Spaling Lars Eller 60 1 2 2
2 David Desharnais Jeff Skinner 40 1 2 2
Penalty Kill 4 Players Defense
Defense Defense Time % Phy DF OF
1 Stu Bickel Dustin Kohn 60 1 2 2
2 Philip Larsen Viktor Loov 40 1 2 2
Penalty Kill - 3 Players Forward
Forward Time % Phy DF OF
1 Nick Spaling 60 1 2 2
2 Lars Eller 40 1 2 2
Penalty Kill - 3 Players Defense
Defense Defense Time % Phy DF OF
1 Stu Bickel Dustin Kohn 60 1 2 2
2 Philip Larsen Viktor Loov 40 1 2 2
4 vs 4 Forward
Center Wing Time % Phy DF OF
1 Nick Spaling Lars Eller 60 1 2 2
2 David Desharnais Jeff Skinner 40 1 2 2
4 vs 4 Defense
Defense Defense Time % Phy DF OF
1 Stu Bickel Dustin Kohn 60 1 2 2
2 Philip Larsen Viktor Loov 40 1 2 2
Last Minutes Offensive
Center Left Wing Right Wing Defense Defense
Lars Eller Nick Spaling Tyler Pitlick Stu Bickel Dustin Kohn
Last Minutes Defensive
Center Left Wing Right Wing Defense Defense
Lars Eller Nick Spaling Tyler Pitlick Stu Bickel Dustin Kohn
Goaltenders
Starting : Allen York
Backup : Joni Ortio
Extra Forwards
Normal : Barclay Goodrow, Marek Zagrapan, Corey Trivino - PP : Barclay Goodrow, Marek Zagrapan - PK : Corey Trivino
Extra Defensemen
Normal : Mike Reilly, Viktor Loov, Stu Bickel - PP : Mike Reilly - PK : Viktor Loov, Stu Bickel
Penalty Shots
Nick Spaling, Lars Eller, David Desharnais, Jeff Skinner, Tyler Pitlick
Scratches
Peter Holland (Healthy), Jiri Sekac (Healthy), Andrey Pedan (Healthy), Nikita Nesterov (Healthy), Charles Hudon (Healthy)
David Musil (Healthy), Darcy Kuemper (Healthy), Sean Maguire (Healthy)
Sasquatch
5 vs 5 Forward
Center Left Wing Right Wing Time % Phy DF OF
1 Drew Shore Filip Forsberg Jason Akeson 40 1 2 2
2 Nick Bjugstad Jason Zucker Matt Halischuk 30 1 2 2
3 Melker Karlsson Brock Trotter Lauri Tukonen 20 1 2 2
4 Sergey Kalinin Teemu Hartikainen Ty Rattie 10 1 2 2
5 vs 5 Defense
Defense Defense Time % Phy DF OF
1 Matt Taormina Nick Leddy 40 1 2 2
2 Brandon Gormley Ian Cole 30 1 2 2
3 Martin Marincin Slava Voynov 20 1 2 2
4 Slava Voynov Matt Taormina 10 1 2 2
PowerPlay Forward
Center Left Wing Right Wing Time % Phy DF OF
1 Drew Shore Filip Forsberg Jason Akeson 60 1 2 2
2 Nick Bjugstad Jason Zucker Ty Rattie 40 1 2 2
PowerPlay Defense
Defense Defense Time % Phy DF OF
1 Nick Leddy Ian Cole 60 1 2 2
2 Brandon Gormley Matt Taormina 40 1 2 2
Penalty Kill 4 Players Forward
Center Wing Time % Phy DF OF
1 Drew Shore Lauri Tukonen 60 1 2 2
2 Sergey Kalinin Matt Halischuk 40 1 2 2
Penalty Kill 4 Players Defense
Defense Defense Time % Phy DF OF
1 Martin Marincin Matt Taormina 60 1 2 2
2 Brandon Gormley Ian Cole 40 1 2 2
Penalty Kill - 3 Players Forward
Forward Time % Phy DF OF
1 Sergey Kalinin 60 1 2 2
2 Brock Trotter 40 1 2 2
Penalty Kill - 3 Players Defense
Defense Defense Time % Phy DF OF
1 Matt Taormina Brandon Gormley 60 1 2 2
2 Martin Marincin Ian Cole 40 1 2 2
4 vs 4 Forward
Center Wing Time % Phy DF OF
1 Nick Bjugstad Filip Forsberg 60 1 2 2
2 Drew Shore Jason Zucker 40 1 2 2
4 vs 4 Defense
Defense Defense Time % Phy DF OF
1 Brandon Gormley Ian Cole 60 1 2 2
2 Nick Leddy Martin Marincin 40 1 2 2
Last Minutes Offensive
Center Left Wing Right Wing Defense Defense
Drew Shore Filip Forsberg Jason Akeson Brandon Gormley Nick Leddy
Last Minutes Defensive
Center Left Wing Right Wing Defense Defense
Drew Shore Filip Forsberg Matt Halischuk Martin Marincin Matt Taormina
Goaltenders
Starting : Corey Crawford
Backup : Joonas Korpisalo
Extra Forwards
Normal : Jason Zucker, Melker Karlsson, Teemu Hartikainen - PP : Jason Zucker, Melker Karlsson - PK : Teemu Hartikainen
Extra Defensemen
Normal : Brandon Gormley, Slava Voynov, Nick Leddy - PP : Brandon Gormley - PK : Nick Leddy, Slava Voynov
Penalty Shots
Jason Akeson, Jason Zucker, Nick Leddy, Filip Forsberg, Lauri Tukonen
Scratches
Andy Andreoff (Healthy), T.J. Tynan (Healthy), Dmitri Orlov (Healthy), Petr Straka (Healthy), Joey Laleggia (Healthy)
Jack Campbell (Healthy)
% Time on Ice - Staline
Lines # - Real PCT - Wanted PCT - Time Play
Normal Forward
1 - 29% - 40% - 11:27
2 - 28% - 30% - 11:05
3 - 27% - 20% - 10:37
4 - 15% - 10% - 5:53
Normal Defense
1 - 37% - 40% - 14:24
2 - 37% - 30% - 14:17
3 - 17% - 20% - 6:29
4 - 10% - 10% - 3:52
PP Forward
1 - 54% - 60% - 5:24
2 - 46% - 40% - 4:32
PP Defense
1 - 61% - 60% - 6:04
2 - 39% - 40% - 3:52
PK Forward
1 - 74% - 60% - 8:07
2 - 26% - 40% - 2:55
PK Defense
1 - 60% - 60% - 6:38
2 - 40% - 40% - 4:24
PK3 Forward
1 - 0% - 60%
2 - 0% - 40%
PK3 Defense
1 - 0% - 60%
2 - 0% - 40%
44 Forward
1 - 100% - 60% - 0:12
2 - 0% - 40% - 0:00
44 Defense
1 - 100% - 60% - 0:12
2 - 0% - 40% - 0:00
Last Minute Offensive - 0:00
Last Minute Defensive - 0:00
Total
Forward - 60:12
Defense - 60:12
|
% Time on Ice - Sasquatch
Lines # - Real PCT - Wanted PCT - Time Play
Normal Forward
1 - 33% - 40% - 12:53
2 - 27% - 30% - 10:39
3 - 23% - 20% - 8:58
4 - 17% - 10% - 6:32
Normal Defense
1 - 45% - 40% - 17:33
2 - 30% - 30% - 11:33
3 - 23% - 20% - 8:56
4 - 3% - 10% - 1:00
PP Forward
1 - 60% - 60% - 6:40
2 - 40% - 40% - 4:22
PP Defense
1 - 67% - 60% - 7:21
2 - 33% - 40% - 3:41
PK Forward
1 - 70% - 60% - 6:59
2 - 30% - 40% - 2:57
PK Defense
1 - 59% - 60% - 5:49
2 - 41% - 40% - 4:07
PK3 Forward
1 - 100% - 60% - 0:10
2 - 0% - 40% - 0:00
PK3 Defense
1 - 100% - 60% - 0:10
2 - 0% - 40% - 0:00
44 Forward
1 - 100% - 60% - 0:02
2 - 0% - 40% - 0:00
44 Defense
1 - 100% - 60% - 0:02
2 - 0% - 40% - 0:00
Last Minute Offensive - 0:00
Last Minute Defensive - 0:00
Total
Forward - 60:12
Defense - 60:12
|
Play by Play
1st period
0:01 of 1st period - Lars Eller wins face-off versus Drew Shore in neutral zone.
0:31 of 1st period - Nick Bjugstad is hit by Jordan Caron and loses puck.
0:50 of 1st period - Melker Karlsson is hit by Marek Zagrapan and loses puck.
1:17 of 1st period - Snap shot by Jordan Szwarz.
1:17 of 1st period - Shot Misses the Net.
1:34 of 1st period - Slava Voynov is hit by Lars Eller and loses puck.
2:10 of 1st period - Snap shot by Danny Kristo.
2:10 of 1st period - Shot Hit the Post.
2:12 of 1st period - Slapshot by Dustin Kohn.
2:12 of 1st period - Stopped by Corey Crawford without a rebound.
2:13 of 1st period - Lars Eller wins face-off versus Drew Shore in Sasquatch zone.
2:14 of 1st period - Wrist shot by Nick Spaling.
2:14 of 1st period - Shot Blocked by Nick Leddy.
2:16 of 1st period - Snap shot by Nick Spaling.
2:16 of 1st period - Shot Misses the Net.
2:18 of 1st period - Snap shot by Tyler Pitlick.
2:18 of 1st period - Goal by Tyler Pitlick - Staline : 1 - Sasquatch : 0.
2:19 of 1st period - Lars Eller wins face-off versus Drew Shore in neutral zone.
3:44 of 1st period - Slapshot by Lars Eller.
3:44 of 1st period - Shot Misses the Net.
3:50 of 1st period - Viktor Loov is hit by Ian Cole and loses puck.
4:15 of 1st period - Wrist shot by Jeff Skinner.
4:15 of 1st period - Shot Blocked by Brandon Gormley.
4:32 of 1st period - Backhand shot by Philip Larsen.
4:32 of 1st period - Shot Misses the Net.
4:34 of 1st period - Slapshot by Marek Zagrapan.
4:34 of 1st period - Deflect By Brandon Gormley.
4:34 of 1st period - Shot Misses the Net.
4:34 of 1st period - Puck is out of play.
4:35 of 1st period - Lars Eller wins face-off versus Drew Shore in Sasquatch zone.
4:48 of 1st period - Wrist shot by Lars Eller.
4:48 of 1st period - Shot Misses the Net.
4:50 of 1st period - Slapshot by Stu Bickel.
4:50 of 1st period - Shot Blocked by Filip Forsberg.
4:56 of 1st period - Minor Penalty to Slava Voynov for Roughing.
4:57 of 1st period - Drew Shore wins face-off versus Lars Eller in Sasquatch zone.
5:28 of 1st period - Matt Taormina is hit by Jordan Caron and loses puck.
6:18 of 1st period - Icing by Jordan Caron.
6:19 of 1st period - Sergey Kalinin wins face-off versus David Desharnais in Staline zone.
6:51 of 1st period - Icing by Philip Larsen.
6:52 of 1st period - Jordan Caron wins face-off versus Sergey Kalinin in Staline zone.
6:56 of 1st period - Penalty to Slava Voynov is over, Slava Voynov is back on ice.
7:05 of 1st period - Wrist shot by Jason Zucker.
7:05 of 1st period - Shot Misses the Net.
7:07 of 1st period - Wrist shot by Nick Bjugstad.
7:07 of 1st period - Goal by Nick Bjugstad - Staline : 1 - Sasquatch : 1.
7:08 of 1st period - Lars Eller wins face-off versus Drew Shore in neutral zone.
7:24 of 1st period - Matt Taormina is hit by Stu Bickel and loses puck.
7:35 of 1st period - Dustin Kohn is hit by Jason Zucker and loses puck.
8:15 of 1st period - Snap shot by Jason Zucker.
8:15 of 1st period - Shot Misses the Net.
8:38 of 1st period - Snap shot by Matt Halischuk.
8:38 of 1st period - Stopped by Allen York with a rebound.
8:44 of 1st period - Snap shot by Nick Bjugstad.
8:44 of 1st period - Stopped by Allen York with a rebound.
8:56 of 1st period - Wrist shot by Jason Zucker.
8:56 of 1st period - Shot Misses the Net.
9:06 of 1st period - Wrist shot by Jason Zucker.
9:06 of 1st period - Stopped by Allen York with a rebound.
9:41 of 1st period - Wrist shot by Matt Halischuk.
9:41 of 1st period - Deflect By Philip Larsen.
9:41 of 1st period - Stopped by Allen York with a rebound.
9:47 of 1st period - Snap shot by Matt Halischuk.
9:47 of 1st period - Stopped by Allen York without a rebound.
9:48 of 1st period - Lars Eller wins face-off versus Drew Shore in Staline zone.
10:06 of 1st period - Minor Penalty to Matt Taormina for Hooking.
10:07 of 1st period - Lars Eller wins face-off versus Drew Shore in Sasquatch zone.
10:17 of 1st period - Snap shot by Lars Eller.
10:17 of 1st period - Goal by Lars Eller - Staline : 2 - Sasquatch : 1.
10:18 of 1st period - Jason Akeson wins face-off versus Nick Spaling in neutral zone.
11:43 of 1st period - Drew Shore is hit by Danny Kristo and loses puck.
11:58 of 1st period - Lars Eller is hit by Ty Rattie and loses puck.
12:13 of 1st period - Brandon Gormley is hit by Bryan Bickell.
12:42 of 1st period - Stu Bickel is hit by Brandon Gormley.
12:57 of 1st period - Ian Cole is hit by Marek Zagrapan.
13:34 of 1st period - Wrist shot by Jeff Skinner.
13:34 of 1st period - Shot Blocked by Jason Zucker.
13:51 of 1st period - Off-side.
13:52 of 1st period - Lars Eller wins face-off versus Drew Shore in neutral zone.
14:17 of 1st period - Melker Karlsson is hit by James Sheppard and loses puck.
14:18 of 1st period - Melker Karlsson from Sasquatch is injured at 14:18 of 1st period (Broken Left Foot Toe).
14:19 of 1st period - Drew Shore wins face-off versus Nick Spaling in Sasquatch zone.
14:19 of 1st period - Drew Shore is hit by Dustin Kohn.
14:38 of 1st period - Minor Penalty to Tyler Pitlick for Boarding.
14:39 of 1st period - Nick Spaling wins face-off versus Drew Shore in Staline zone.
14:49 of 1st period - Snap shot by Jason Akeson.
14:49 of 1st period - Shot Misses the Net.
15:15 of 1st period - Snap shot by Matt Taormina.
15:15 of 1st period - Stopped by Allen York without a rebound.
15:16 of 1st period - David Desharnais wins face-off versus Drew Shore in Staline zone.
15:31 of 1st period - Wrist shot by Filip Forsberg.
15:31 of 1st period - Goal by Filip Forsberg - Staline : 2 - Sasquatch : 2.
15:32 of 1st period - Lars Eller wins face-off versus Drew Shore in neutral zone.
16:06 of 1st period - Slapshot by Dustin Kohn.
16:06 of 1st period - Stopped by Corey Crawford without a rebound.
16:07 of 1st period - Marek Zagrapan wins face-off versus Jason Zucker in Sasquatch zone.
16:20 of 1st period - Brock Trotter is hit by James Sheppard and loses puck.
16:33 of 1st period - Drew Shore is hit by David Desharnais and loses puck.
17:19 of 1st period - Matt Halischuk is hit by Bryan Bickell and loses puck.
17:32 of 1st period - Snap shot by Dustin Kohn.
17:32 of 1st period - Deflect By Lauri Tukonen.
17:32 of 1st period - Stopped by Corey Crawford with a rebound.
18:14 of 1st period - Snap shot by Nick Bjugstad.
18:14 of 1st period - Stopped by Allen York with a rebound.
18:16 of 1st period - Snap shot by Matt Halischuk.
18:16 of 1st period - Stopped by Allen York without a rebound.
18:17 of 1st period - Lars Eller wins face-off versus Jason Zucker in Staline zone.
18:24 of 1st period - Backhand shot by Nick Spaling.
18:24 of 1st period - Stopped by Corey Crawford with a rebound.
19:02 of 1st period - Backhand shot by Marek Zagrapan.
19:02 of 1st period - Goal by Marek Zagrapan - Staline : 3 - Sasquatch : 2.
19:03 of 1st period - Lars Eller wins face-off versus Drew Shore in neutral zone.
19:34 of 1st period - Minor Penalty to David Desharnais for Roughing.
19:35 of 1st period - Drew Shore wins face-off versus Nick Spaling in Staline zone.
19:35 of 1st period - Slapshot by Nick Leddy.
19:35 of 1st period - Stopped by Allen York without a rebound.
19:36 of 1st period - Nick Spaling wins face-off versus Drew Shore in Staline zone.
Goals for this period are 3 for Staline vs 2 for Sasquatch.
Shots for this period are 7 for Staline vs 11 for Sasquatch.
2nd period
0:01 of 2nd period - Nick Spaling wins face-off versus Drew Shore in neutral zone.
0:33 of 2nd period - Slapshot by Matt Taormina.
0:33 of 2nd period - Deflect By Stu Bickel.
0:33 of 2nd period - Stopped by Allen York with a rebound.
1:34 of 2nd period - Penalty to David Desharnais is over, David Desharnais is back on ice.
1:39 of 2nd period - Lauri Tukonen is hit by Viktor Loov and loses puck.
2:10 of 2nd period - Jason Zucker is hit by Bryan Bickell and loses puck.
2:25 of 2nd period - Corey Trivino is hit by Nick Bjugstad and loses puck.
2:38 of 2nd period - Slapshot by Matt Halischuk.
2:38 of 2nd period - Stopped by Allen York without a rebound.
2:39 of 2nd period - Sergey Kalinin wins face-off versus Marek Zagrapan in Staline zone.
2:42 of 2nd period - Slapshot by Nick Leddy.
2:42 of 2nd period - Shot Misses the Net.
2:46 of 2nd period - Slapshot by Matt Taormina.
2:46 of 2nd period - Stopped by Allen York with a rebound.
3:05 of 2nd period - Drew Shore is hit by Lars Eller and loses puck.
3:10 of 2nd period - Backhand shot by Nick Spaling.
3:10 of 2nd period - Stopped by Corey Crawford without a rebound.
3:11 of 2nd period - Drew Shore wins face-off versus Nick Spaling in Sasquatch zone.
3:18 of 2nd period - Wrist shot by Filip Forsberg.
3:18 of 2nd period - Shot Misses the Net.
3:20 of 2nd period - Wrist shot by Jason Akeson.
3:20 of 2nd period - Shot Hit the Post.
3:22 of 2nd period - Snap shot by Drew Shore.
3:22 of 2nd period - Shot Misses the Net.
3:24 of 2nd period - Snap shot by Brandon Gormley.
3:24 of 2nd period - Shot Misses the Net.
4:29 of 2nd period - Minor Penalty to Viktor Loov for Holding.
4:30 of 2nd period - Nick Spaling wins face-off versus Drew Shore in Staline zone.
4:42 of 2nd period - Slapshot by Drew Shore.
4:42 of 2nd period - Deflect By Filip Forsberg.
4:42 of 2nd period - Stopped by Allen York without a rebound.
4:43 of 2nd period - Filip Forsberg wins face-off versus Nick Spaling in Staline zone.
6:29 of 2nd period - Penalty to Viktor Loov is over, Viktor Loov is back on ice.
6:31 of 2nd period - Philip Larsen is hit by Lauri Tukonen and loses puck.
6:40 of 2nd period - Snap shot by Brock Trotter.
6:40 of 2nd period - Stopped by Allen York with a rebound.
7:36 of 2nd period - Ty Rattie is hit by Corey Trivino and loses puck.
9:56 of 2nd period - Jason Akeson is hit by David Desharnais and loses puck.
10:20 of 2nd period - Philip Larsen is hit by Drew Shore and loses puck.
10:33 of 2nd period - Matt Taormina is hit by Jordan Caron and loses puck.
10:58 of 2nd period - Nick Bjugstad is hit by Dustin Kohn and loses puck.
11:25 of 2nd period - Brandon Gormley is hit by Jordan Caron and loses puck.
11:30 of 2nd period - Snap shot by Jeff Skinner.
11:30 of 2nd period - Shot Misses the Net.
11:32 of 2nd period - Wrist shot by Jordan Caron.
11:32 of 2nd period - Stopped by Corey Crawford without a rebound.
11:33 of 2nd period - Drew Shore wins face-off versus Marek Zagrapan in Sasquatch zone.
12:01 of 2nd period - Snap shot by Lauri Tukonen.
12:01 of 2nd period - Shot Misses the Net.
12:43 of 2nd period - Minor Penalty to Jason Akeson for Slashing.
12:44 of 2nd period - Lars Eller wins face-off versus Drew Shore in Sasquatch zone.
12:45 of 2nd period - Snap shot by Nick Spaling.
12:45 of 2nd period - Stopped by Corey Crawford with a rebound.
12:47 of 2nd period - Wrist shot by Tyler Pitlick.
12:47 of 2nd period - Shot Misses the Net.
12:49 of 2nd period - Snap shot by Lars Eller.
12:49 of 2nd period - Shot Misses the Net.
13:51 of 2nd period - Viktor Loov is hit by Brock Trotter and loses puck.
14:24 of 2nd period - Martin Marincin is hit by Tyler Pitlick and loses puck.
14:43 of 2nd period - Penalty to Jason Akeson is over, Jason Akeson is back on ice.
15:19 of 2nd period - Ian Cole is hit by Corey Trivino and loses puck.
15:36 of 2nd period - Backhand shot by Jason Zucker.
15:36 of 2nd period - Shot Misses the Net.
15:38 of 2nd period - Wrist shot by Jason Zucker.
15:38 of 2nd period - Goal by Jason Zucker - Staline : 3 - Sasquatch : 3.
15:39 of 2nd period - Lars Eller wins face-off versus Drew Shore in neutral zone.
15:44 of 2nd period - Snap shot by Nick Spaling.
15:44 of 2nd period - Stopped by Corey Crawford without a rebound.
15:45 of 2nd period - Jason Akeson wins face-off versus Lars Eller in Sasquatch zone.
16:12 of 2nd period - Wrist shot by David Desharnais.
16:12 of 2nd period - Shot Misses the Net.
16:38 of 2nd period - Snap shot by Danny Kristo.
16:38 of 2nd period - Stopped by Corey Crawford with a rebound.
16:40 of 2nd period - Wrist shot by Danny Kristo.
16:40 of 2nd period - Shot Misses the Net.
16:42 of 2nd period - Slapshot by Stu Bickel.
16:42 of 2nd period - Shot Blocked by Matt Taormina.
16:48 of 2nd period - Minor Penalty to Sergey Kalinin for Diving.
16:49 of 2nd period - Drew Shore wins face-off versus Lars Eller in Sasquatch zone.
18:02 of 2nd period - Nick Spaling is hit by Teemu Hartikainen and loses puck.
18:33 of 2nd period - Nick Spaling is hit by Brock Trotter and loses puck.
18:48 of 2nd period - Penalty to Sergey Kalinin is over, Sergey Kalinin is back on ice.
19:14 of 2nd period - Snap shot by Corey Trivino.
19:14 of 2nd period - Shot Hit the Post.
19:26 of 2nd period - Nick Leddy is hit by Danny Kristo and loses puck.
19:31 of 2nd period - Snap shot by Danny Kristo.
19:31 of 2nd period - Stopped by Corey Crawford with a rebound.
19:47 of 2nd period - Wrist shot by Nick Bjugstad.
19:47 of 2nd period - Shot Misses the Net.
19:49 of 2nd period - Minor Penalty to Marek Zagrapan for Tripping.
19:50 of 2nd period - Nick Spaling wins face-off versus Nick Bjugstad in Staline zone.
Goals for this period are 0 for Staline vs 1 for Sasquatch.
Shots for this period are 6 for Staline vs 6 for Sasquatch.
3rd period
0:01 of 3rd period - Nick Spaling wins face-off versus Filip Forsberg in neutral zone.
0:06 of 3rd period - Snap shot by Lars Eller.
0:06 of 3rd period - Stopped by Corey Crawford without a rebound.
0:07 of 3rd period - Nick Spaling wins face-off versus Drew Shore in Sasquatch zone.
0:15 of 3rd period - Icing by Jason Akeson.
0:16 of 3rd period - Nick Spaling wins face-off versus Drew Shore in Sasquatch zone.
0:40 of 3rd period - Icing by Nick Leddy.
0:41 of 3rd period - Drew Shore wins face-off versus Nick Spaling in Sasquatch zone.
1:01 of 3rd period - Slapshot by Filip Forsberg.
1:01 of 3rd period - Shot Misses the Net.
1:03 of 3rd period - Slapshot by Nick Leddy.
1:03 of 3rd period - Shot Blocked by Philip Larsen.
1:05 of 3rd period - Snap shot by Jason Akeson.
1:05 of 3rd period - Stopped by Allen York without a rebound.
1:06 of 3rd period - Ty Rattie wins face-off versus Nick Spaling in Staline zone.
1:31 of 3rd period - Stu Bickel is hit by Matt Taormina.
1:49 of 3rd period - Penalty to Marek Zagrapan is over, Marek Zagrapan is back on ice.
2:03 of 3rd period - Slapshot by Nick Leddy.
2:03 of 3rd period - Stopped by Allen York without a rebound.
2:04 of 3rd period - Corey Trivino wins face-off versus Jason Zucker in Staline zone.
3:30 of 3rd period - Snap shot by Jordan Szwarz.
3:30 of 3rd period - Shot Misses the Net.
3:36 of 3rd period - Viktor Loov is hit by Lauri Tukonen and loses puck.
3:59 of 3rd period - Snap shot by Marek Zagrapan.
3:59 of 3rd period - Stopped by Corey Crawford with a rebound.
4:01 of 3rd period - Wrist shot by James Sheppard.
4:01 of 3rd period - Shot Hit the Post.
4:15 of 3rd period - Slapshot by Stu Bickel.
4:15 of 3rd period - Shot Blocked by Martin Marincin.
4:17 of 3rd period - Slapshot by Stu Bickel.
4:17 of 3rd period - Stopped by Corey Crawford without a rebound.
4:18 of 3rd period - Sergey Kalinin wins face-off versus Nick Spaling in Sasquatch zone.
4:33 of 3rd period - Snap shot by Sergey Kalinin.
4:33 of 3rd period - Stopped by Allen York without a rebound.
4:34 of 3rd period - David Desharnais wins face-off versus Drew Shore in Staline zone.
4:43 of 3rd period - Slapshot by Jason Akeson.
4:43 of 3rd period - Shot Blocked by Jeff Skinner.
4:47 of 3rd period - Wrist shot by Filip Forsberg.
4:47 of 3rd period - Shot Misses the Net.
4:49 of 3rd period - Slapshot by Matt Taormina.
4:49 of 3rd period - Stopped by Allen York without a rebound.
4:50 of 3rd period - Tyler Pitlick wins face-off versus Nick Bjugstad in Staline zone.
5:04 of 3rd period - Icing by Matt Taormina.
5:05 of 3rd period - Nick Bjugstad wins face-off versus Lars Eller in Sasquatch zone.
5:10 of 3rd period - Wrist shot by Nick Spaling.
5:10 of 3rd period - Stopped by Corey Crawford without a rebound.
5:11 of 3rd period - Filip Forsberg wins face-off versus Lars Eller in Sasquatch zone.
5:36 of 3rd period - Snap shot by David Desharnais.
5:36 of 3rd period - Stopped by Corey Crawford with a rebound.
5:38 of 3rd period - Snap shot by Jordan Caron.
5:38 of 3rd period - Shot Misses the Net.
5:40 of 3rd period - Slapshot by Dustin Kohn.
5:40 of 3rd period - Shot Blocked by Matt Halischuk.
5:42 of 3rd period - Snap shot by Jordan Caron.
5:42 of 3rd period - Stopped by Corey Crawford with a rebound.
5:44 of 3rd period - Slapshot by Jeff Skinner.
5:44 of 3rd period - Shot Blocked by Nick Bjugstad.
6:14 of 3rd period - Minor Penalty to Viktor Loov for High sticking.
6:15 of 3rd period - Nick Spaling wins face-off versus Drew Shore in Staline zone.
6:15 of 3rd period - Nick Spaling is hit by Drew Shore.
6:51 of 3rd period - Dustin Kohn is hit by Ty Rattie and loses puck.
7:56 of 3rd period - Filip Forsberg is hit by Stu Bickel and loses puck.
8:14 of 3rd period - Penalty to Viktor Loov is over, Viktor Loov is back on ice.
8:22 of 3rd period - Minor Penalty to Mike Reilly for Hooking.
8:23 of 3rd period - Jason Zucker wins face-off versus Nick Spaling in Staline zone.
8:28 of 3rd period - Slapshot by Nick Leddy.
8:28 of 3rd period - Stopped by Allen York without a rebound.
8:29 of 3rd period - Nick Bjugstad wins face-off versus Nick Spaling in Staline zone.
8:36 of 3rd period - Slapshot by Jason Zucker.
8:36 of 3rd period - Deflect By Nick Bjugstad.
8:36 of 3rd period - Goal by Nick Bjugstad - Staline : 3 - Sasquatch : 4.
8:37 of 3rd period - Lars Eller wins face-off versus Drew Shore in neutral zone.
9:03 of 3rd period - Stu Bickel is hit by Jason Zucker and loses puck.
9:10 of 3rd period - Snap shot by Jeff Skinner.
9:10 of 3rd period - Shot Misses the Net.
9:26 of 3rd period - Snap shot by Marek Zagrapan.
9:26 of 3rd period - Shot Misses the Net.
9:34 of 3rd period - Backhand shot by Matt Taormina.
9:34 of 3rd period - Shot Blocked by Mike Reilly.
10:25 of 3rd period - Icing by Jason Zucker.
10:26 of 3rd period - David Desharnais wins face-off versus Sergey Kalinin in Sasquatch zone.
10:27 of 3rd period - Wrist shot by Jordan Caron.
10:27 of 3rd period - Shot Misses the Net.
10:33 of 3rd period - David Desharnais is hit by Sergey Kalinin and loses puck.
10:47 of 3rd period - Icing by Dustin Kohn.
10:48 of 3rd period - Jordan Caron wins face-off versus Drew Shore in Staline zone.
11:19 of 3rd period - Snap shot by Jason Zucker.
11:19 of 3rd period - Stopped by Allen York without a rebound.
11:20 of 3rd period - David Desharnais wins face-off versus Drew Shore in Staline zone.
11:20 of 3rd period - David Desharnais is hit by Matt Taormina.
11:43 of 3rd period - Snap shot by David Desharnais.
11:43 of 3rd period - Deflect By Jeff Skinner.
11:43 of 3rd period - Shot Misses the Net.
11:43 of 3rd period - Puck is out of play.
11:44 of 3rd period - Nick Bjugstad wins face-off versus Tyler Pitlick in Sasquatch zone.
11:46 of 3rd period - Minor Penalty to Jason Zucker for Interference.
11:47 of 3rd period - Drew Shore wins face-off versus Lars Eller in Sasquatch zone.
11:47 of 3rd period - Drew Shore is hit by Lars Eller.
12:34 of 3rd period - Snap shot by Sergey Kalinin.
12:34 of 3rd period - Stopped by Allen York with a rebound.
12:36 of 3rd period - Wrist shot by Sergey Kalinin.
12:36 of 3rd period - Stopped by Allen York with a rebound.
13:46 of 3rd period - Penalty to Jason Zucker is over, Jason Zucker is back on ice.
13:52 of 3rd period - Wrist shot by Nick Bjugstad.
13:52 of 3rd period - Deflect By Matt Halischuk.
13:52 of 3rd period - Stopped by Allen York with a rebound.
14:04 of 3rd period - Minor Penalty to Dustin Kohn for Roughing.
14:05 of 3rd period - Lars Eller wins face-off versus Drew Shore in Staline zone.
14:17 of 3rd period - Off-side.
14:18 of 3rd period - Nick Spaling wins face-off versus Drew Shore in neutral zone.
14:49 of 3rd period - Wrist shot by Jeff Skinner.
14:49 of 3rd period - Shot Blocked by Nick Bjugstad.
14:51 of 3rd period - Snap shot by David Desharnais.
14:51 of 3rd period - Stopped by Corey Crawford with a rebound.
14:57 of 3rd period - Wrist shot by David Desharnais.
14:57 of 3rd period - Stopped by Corey Crawford with a rebound.
14:59 of 3rd period - Slapshot by Jeff Skinner.
14:59 of 3rd period - Shot Misses the Net.
15:31 of 3rd period - Wrist shot by Bryan Bickell.
15:31 of 3rd period - Stopped by Corey Crawford with a rebound.
16:04 of 3rd period - Penalty to Dustin Kohn is over, Dustin Kohn is back on ice.
16:12 of 3rd period - Snap shot by David Desharnais.
16:12 of 3rd period - Goal by David Desharnais - Staline : 4 - Sasquatch : 4.
16:13 of 3rd period - Jason Zucker wins face-off versus Tyler Pitlick in neutral zone.
16:16 of 3rd period - Slapshot by Martin Marincin.
16:16 of 3rd period - Deflect By Tyler Pitlick.
16:16 of 3rd period - Stopped by Allen York without a rebound.
16:17 of 3rd period - Lauri Tukonen wins face-off versus Lars Eller in Staline zone.
16:30 of 3rd period - Snap shot by Brock Trotter.
16:30 of 3rd period - Shot Misses the Net.
17:04 of 3rd period - Nick Leddy is hit by Jordan Szwarz and loses puck.
17:11 of 3rd period - Slapshot by Sergey Kalinin.
17:11 of 3rd period - Stopped by Allen York without a rebound.
17:12 of 3rd period - Brock Trotter wins face-off versus Lars Eller in Staline zone.
17:29 of 3rd period - Nick Leddy is hit by Philip Larsen and loses puck.
17:44 of 3rd period - Snap shot by Jason Akeson.
17:44 of 3rd period - Stopped by Allen York with a rebound.
17:46 of 3rd period - Slapshot by Matt Taormina.
17:46 of 3rd period - Deflect By Marek Zagrapan.
17:46 of 3rd period - Stopped by Allen York with a rebound.
17:51 of 3rd period - Slapshot by Nick Leddy.
17:51 of 3rd period - Shot Blocked by James Sheppard.
18:03 of 3rd period - Slapshot by Ian Cole.
18:03 of 3rd period - Shot Blocked by Bryan Bickell.
18:10 of 3rd period - Minor Penalty to Teemu Hartikainen for Hooking.
18:11 of 3rd period - Drew Shore wins face-off versus Lars Eller in Sasquatch zone.
18:20 of 3rd period - Slapshot by Dustin Kohn.
18:20 of 3rd period - Stopped by Corey Crawford with a rebound.
18:36 of 3rd period - Matt Taormina is hit by Jeff Skinner and loses puck.
Goals for this period are 1 for Staline vs 1 for Sasquatch.
Shots for this period are 11 for Staline vs 14 for Sasquatch.
Overtime #1
0:01 of 1st overtime period - Nick Spaling wins face-off versus Sergey Kalinin in neutral zone.
0:10 of 1st overtime period - Penalty to Teemu Hartikainen is over, Teemu Hartikainen is back on ice.
0:10 of 1st overtime period - Slapshot by Lars Eller.
0:10 of 1st overtime period - Shot Misses the Net.
0:12 of 1st overtime period - Wrist shot by Nick Spaling.
0:12 of 1st overtime period - Goal by Nick Spaling - Staline : 5 - Sasquatch : 4.
Goals for this period are 1 for Staline vs 0 for Sasquatch.
Shots for this period are 1 for Staline vs 0 for Sasquatch.
Back to the Top